 Crawl Stoat Soup version 0.22-s0-48-g64bc6217c4 (console) character file.

189 ceb the Skirmisher (level 5, -2/42 HPs)
             Began as a Demonspawn Fighter on May 22, 2020.
             Slain by a gnoll
             ... wielding a +0 spear
              (6 damage)
             ... on level 3 of the Dungeon.
             The game lasted 00:05:34 (2527 turns).

ceb the Skirmisher (Demonspawn Fighter)             Turns: 2527, Time: 00:05:35

Health: -2/42      AC:  6    Str: 18    XL:     5   Next: 40%
Magic:  5/5        EV:  7    Int:  9    God:
Gold:   204        SH:  9    Dex: 12    Spells: 4/4 levels left

rFire    . . .     SeeInvis .   a - +0 war axe
rCold    . . .     Gourm    .   c - +0 shield
rNeg     . . .     Faith    .   b - +0 scale mail
rPois    .         Spirit   .   (no helmet)
rElec    .         Warding  .   (no cloak)
rCorr    .         Reflect  .   (no gloves)
MR       .....     Harm     .   (no boots)
Stlth    ..........             (no amulet)
HPRegen  0.14/turn              (no ring)
MPRegen  0.09/turn              (no ring)

@: no status effects
A: claws 1, powered by death 1
a: no special abilities


You were on level 3 of the Dungeon.
You were not hungry.

You visited 1 branch of the dungeon, and saw 3 of its levels.

You collected 204 gold pieces.

Inventory:

Hand Weapons
 a - a +0 war axe (weapon)
Missiles
 p - 2 tomahawks
 q - 64 stones (quivered)
Armour
 b - a +0 scale mail (worn)
 c - a +0 shield (worn)
Scrolls
 e - 2 scrolls of identify {unknown}
 k - a scroll of remove curse {unknown}
 l - a scroll of immolation {unknown}
 m - a scroll of teleportation {unknown}
Potions
 d - a potion of might
 g - 2 potions of brilliance {unknown}
 h - 2 potions of curing {unknown}
 i - 2 potions of berserk rage {unknown}
 n - a potion of degeneration {unknown}
Comestibles
 f - 2 bread rations
 j - 4 chunks of flesh
 o - a meat ration


   Skills:
 * Level 4.0 Fighting
 * Level 3.1 Axes
 + Level 1.3 Throwing
 + Level 3.3 Armour
 + Level 3.2 Shields


You had 4 spell levels left.
You didn't know any spells.
Your spell library was empty.

Dungeon Overview and Level Annotations

Branches:
Dungeon (3/15)

Altars:


Innate Abilities, Weirdness & Mutations

You have sharp fingernails.
You regenerate a little health from kills.


Message History

The gnoll hits you with a halberd!
* * * LOW HITPOINT WARNING * * *
The gnoll hits you but does no damage.
Unknown command.
The gnoll completely misses you. The gnoll closely misses you.
You see here a tomahawk.
Things that are here:
a dagger; a whip Some of the chunks of flesh in your inventory have rotted away.
There is an open door here.
There is an open door here.
The gnoll hits you but does no damage.
There is an open door here.
You block the gnoll's attack.
You hit the gnoll.
The gnoll is heavily wounded.
The gnoll hits you with a halberd.
* * * LOW HITPOINT WARNING * * *
The gnoll hits you from afar with a spear.
You die...

...##.#...#.##).#
#|.....
>..#..'...'@gg..#
####.## ..
##.#...#.##..# #.#
##'####...# #.#
#...#.)...## #.#
##.##......# #.#
###....##.#
.....#..# ..#
##.####.###... #.#
#..# ###. #.# ##.# #
#.# #.# #. #.# #.#
#...###.#####.######
#.....[......).).#
#####.#####....<.#
#.# #......#


You could see 2 gnolls.

Vanquished Creatures
  A howler monkey (D:3)
  2 gnolls (D:3)
  5 adders
  3 worms
  2 leopard geckos
  4 orcs
  5 giant cockroaches
  13 goblins
  10 hobgoblins
  5 kobolds
  A weasel (D:3)
  A ball python (D:2)
  11 bats
  2 frilled lizards (D:2)
  9 rats
  A plant (D:2)
75 creatures vanquished.

Vanquished Creatures (others)
  A plant (D:2)
1 creature vanquished.

Grand Total: 76 creatures vanquished

Notes
Turn   | Place    | Note
-------+----------+-------------------------------------------
     0 | D:1      | ceb the Demonspawn Fighter began the quest for the Orb.
     0 | D:1      | Reached XP level 1. HP: 18/18 MP: 1/1
    99 | D:1      | Gained mutation: You regenerate a little health from kills.
                  | [demonic ancestry]
    99 | D:1      | Reached XP level 2. HP: 23/24 MP: 2/2
  1102 | D:2      | Reached XP level 3. HP: 29/29 MP: 3/3
  1387 | D:2      | Reached XP level 4. HP: 37/37 MP: 4/4
  1837 | D:3      | Reached skill level 1 in Throwing
  2014 | D:3      | Reached skill level 4 in Fighting
  2014 | D:3      | Gained mutation: You have sharp fingernails. [demonic
                  | ancestry]
  2014 | D:3      | Reached XP level 5. HP: 35/42 MP: 5/5
  2527 | D:3      | Slain by a gnoll

Vault maps used:
D:1:      lightli_arrival_flooded_house
D:2:      cheibrodos_old_hovel, first_bread, corexii_leaking_fountain
D:3:      cheibrodos_greedy_goblins

Skill      XL: |  1  2  3  4  5 |
---------------+----------------+-----
Axes           | 2 3 |  3.1
Armour         | 3 |  3.3
Shields        | 3 |  3.2
Throwing       | 1 |  1.3
Fighting       | 4 |  4.0

Action                   |  1- 3 |  4- 6 || total
-------------------------+-------+-------++-------
Melee: War axe           |   129 |   138 ||   267
Throw: Tomahawk          |       |     3 ||     3
       Stone             |       |     2 ||     2
  Eat: Chunk             |     2 |     4 ||     6
Armor: Scale mail        |    67 |    61 ||   128
Dodge: Dodged            |    28 |    54 ||    82
Block: Shield            |    47 |    87 ||   134

Table legend:
 A = Spawn XP
 B = Non-spawn XP
 C = Spawn XP percentage of total XP
 D = Spawn monster count
 E = Non-spawn monster count
 F = Spawn count percentage of total count
 G = Total turns spent on level
                    A         B        C        D         E        F      G
               +---------+---------+-------+---------+---------+-------+---------
         Total |       7 |     264 |   2.6 |       3 |      71 |   4.1 |  2527
               +---------+---------+-------+---------+---------+-------+---------
           D:1 |       0 |      29 |   0.0 |       0 |      17 |   0.0 |   904
           D:2 |       6 |      93 |   6.1 |       2 |      26 |   7.1 |  1188
           D:3 |       1 |     142 |   0.7 |       1 |      28 |   3.4 |   435
               +---------+---------+-------+---------+---------+-------+---------
